 Dungeon Crawl Stone Soup version 0.18.1-48-g4cf74bf (webtiles) character file.

95 dvd the Chopper (level 4, -4/27 HPs)
             Began as a Gargoyle Gladiator on July 2, 2016.
             Killed by divine providence
             ... invoked by an orc priest
              (15 damage)
             ... on level 3 of the Dungeon.
             The game lasted 00:05:12 (1953 turns).

dvd the Chopper (Gargoyle Gladiator)                Turns: 1953, Time: 00:05:13

Health: -4/27      AC:  9    Str: 18    XL:     4   Next: 66%
Magic:  4/4        EV: 11    Int:  9    God:
Gold:   52         SH:  0    Dex: 11    Spells: 0 memorised, 3 levels left

rFire  . . .     SeeInvis .     a - +0 war axe
rCold  . . .     Gourm    .     p - +0 ring mail
rNeg   + . .     Faith    .     (no shield)
rPois  ∞         Spirit   .     c - +0 helmet
rElec  +         Dismiss  .     (no cloak)
rCorr  .         Reflect  .     (no gloves)
SustAt .         Harm     .     (no boots)
MR     .....                    (no amulet)
Stlth  +.........               (no ring)
                                (no ring)

@: marked, not resistant to hostile enchantments, very unstealthy
A: negative energy resistance 1, electricity resistance, unbreathing,
petrification resistance, rot immunity, AC +3
a: no special abilities


You were on level 3 of the Dungeon.
You were hungry.

You visited 1 branch of the dungeon, and saw 3 of its levels.

You collected 52 gold pieces.

Inventory:

Hand Weapons
 a - a +0 war axe (weapon)
 b - a +0 mace
 l - a +0 whip
Missiles
 d - 3 throwing nets (quivered)
 g - 92 stones
 j - 22 bolts
Armour
 c - a +0 helmet (worn)
 k - a +0 plate armour
 p - a +0 ring mail (worn)
 q - a +0 leather armour
Scrolls
 h - a scroll of immolation {unknown}
 m - a scroll of identify {unknown}
 n - a scroll of remove curse {unknown}
 o - a scroll of blinking {unknown}
 r - a scroll of enchant weapon {unknown}
 u - a scroll of random uselessness {unknown}
Potions
 e - 2 potions of degeneration {unknown}
 i - a potion of might {unknown}
 s - 2 potions of curing {unknown}
Comestibles
 f - 2 bread rations
 t - 2 fruits
 v - 4 chunks of flesh


   Skills:
 + Level 2.9 Fighting
 + Level 3.5 Axes
 + Level 1.9 Throwing
 + Level 1.0 Armour
 + Level 3.2 Dodging
 + Level 0.2 Stealth


You had 3 spell levels left.
You didn't know any spells.

Dungeon Overview and Level Annotations

Branches:
Dungeon (3/15)

Altars:
Cheibriados
Dithmenos
Gozag
Pakellas
Trog
Vehumet
Xom
The Shining One

Annotations:
D:3 Rationalist's ghost, amateur FoFi


Innate Abilities, Weirdness & Mutations

You are resistant to torment.
Your stone body is resilient (AC +3).
You are immune to poison.
You resist negative energy.
You are resistant to electric shocks.
You can survive without breathing.
You are immune to petrification.
You are immune to rotting.


Message History

Found a shimmering altar of Xom.
The orc wizard gestures wildly while chanting.
The orc wizard flickers and vanishes!
Deactivating autopickup; reactivate with Ctrl-A.
You see here a tomahawk.
The orc priest mumbles some strange prayers to Beogh against you.
Beogh smites you! The orc priest hits you with a flail.
You closely miss the orc priest.
The orc priest hits you but does no damage.
You hit the orc priest.
The orc priest is lightly wounded.
The orc priest hits you but does no damage.
The orc hits you but does no damage.
You hit the orc priest but do no damage.
The orc priest is lightly wounded.
The orc priest mumbles some strange prayers to Beogh against you.
Beogh smites you!
Ouch! That really hurt!
You die...

### ... #.### #♣#...#
##....... ###.#≈#...≈
#.o.{oo_≈♣ #o#o♣._..♣
#@##.._≈#≈≈ #..##...≈≈#
##..###^### .. #...##.# .
####...##.# . #.......#.#
.# . #.#####...######.#..
#######.#####..#.......$..
...............#..........


You could see an orc priest and an orc.

Vanquished Creatures
  4 adders (D:2)
  2 dart slugs
  A giant gecko (D:2)
  3 giant cockroaches
  8 goblins
  3 hobgoblins
  7 jackals
  4 kobolds
  4 ball pythons
  10 bats
  2 giant newts
  4 rats
52 creatures vanquished.

Notes
Turn   | Place    | Note
--------------------------------------------------------------
     0 | D:1      | dvd the Gargoyle Gladiator began the quest for the Orb.
     0 | D:1      | Reached XP level 1. HP: 12/12 MP: 1/1
   164 | D:1      | Reached XP level 2. HP: 18/18 MP: 2/2
   323 | D:1      | Reached XP level 3. HP: 22/22 MP: 3/3
  1082 | D:2      | Found a bloodstained altar of Trog.
  1085 | D:2      | Found a snail-covered altar of Cheibriados.
  1097 | D:2      | Found a radiant altar of Vehumet.
  1097 | D:2      | Found a glowing golden altar of the Shining One.
  1100 | D:2      | Found an oddly glowing altar of Pakellas.
  1101 | D:2      | Found an opulent altar of Gozag.
  1102 | D:2      | Found a shadowy altar of Dithmenos.
  1171 | D:2      | Reached XP level 4. HP: 18/27 MP: 4/4
  1336 | D:2      | Reached skill level 1 in Armour
  1558 | D:3      | Noticed Rationalist's ghost (amateur FoFi)
  1943 | D:3      | Found a shimmering altar of Xom.
  1944 | D:3      | Found a shimmering altar of Xom.
  1945 | D:3      | Found a shimmering altar of Xom.
  1953 | D:3      | Killed from afar by an orc priest

Skill      XL: |  1  2  3  4 |
---------------+-------------+-----
Axes           | 3 |  3.5
Dodging        | 3 |  3.2
Armour         | 1 |  1.0
Fighting       | |  2.9
Throwing       | |  1.9
Stealth        | |  0.2

Action                   |  1- 3 |  4- 6 || total
-------------------------+-------+-------++-------
Melee: War axe           |   110 |    52 ||   162
 Stab: Sleeping          |     1 |       ||     1
  Eat: Chunk             |     1 |     2 ||     3
Armor: Leather armour    |    54 |       ||    54
       Ring mail         |    12 |    37 ||    49
Dodge: Dodged            |   106 |    31 ||   137
